 Dungeon Crawl Stone Soup version 0.31-a0-986-g5e6e4ef867 (webtiles) character file.

Game seed: 2078625493337819982

107 ytrimaz the Insei (level 4, 0/42 HPs)
             Began as an Octopode Shapeshifter on Nov 3, 2023.
             Slain by an orc
             ... wielding a +0 hand axe
              (2 damage)
             ... on level 3 of the Dungeon.
             The game lasted 00:02:22 (2415 turns).

ytrimaz the Insei (Octopode Shapeshifter)           Turns: 2415, Time: 00:02:22

Health: 0/42       AC: 22    Str: 17    XL:     4   Next: 86%
Magic:  4/4        EV: -1    Int: 11    God:
Gold:   111        SH:  0    Dex: 12    Spells: 3/3 levels left

rFire   . . .        d - +0 dagger (speed)
rCold   . . .        (no shield)
rNeg    . . .        (helmet currently unavailable)
rPois   +            (no amulet)
rElec   .            (no ring)
rCorr   .            (no ring)
SInv    .            (no ring)
Will    .....        (no ring)
Stlth   ++           (no ring)
HPRegen 0.27/turn    (no ring)
MPRegen 0.09/turn    (no ring)
                     (no ring)

%: no passive effects
@: tree-form, constricted
A: stationary, stasis, torment immunity, boosted hp, almost no armour,
(amphibious), 8 rings, (camouflage 1), (gelatinous body 1), (nimble swimmer 1),
(tentacles), strong 1
a: no special abilities


You were on level 3 of the Dungeon.
You were a tree.
You visited 1 branch of the dungeon, and saw 3 of its levels.

You collected 111 gold pieces.


Innate Abilities, Weirdness & Mutations

You are a tree.
Your roots penetrate the ground, keeping you stationary.
You cannot be teleported.
You are immune to unholy pain and torment.
Your maximum health is greatly increased.
You cannot wear most types of armour.
((You are amphibious.))
You can wear up to eight rings at the same time.
((Your skin changes colour to match your surroundings (Stealth+).))
((Your rubbery body absorbs attacks. (AC +1, EV +1)))
((You are camouflaged when in or above water. (Stealth+)))
((You have tentacles for arms and can constrict up to eight enemies at once.))
Your muscles are strong. (Str +4, Int/Dex -1)


   Skills:
 - Level 1.0 Fighting
 - Level 2.0 Dodging
 + Level 4.3 Stealth
 + Level 4.3 Unarmed Combat
 - Level 3.0 Shapeshifting


You had 3 spell levels left.
You didn't know any spells.
Your spell library was empty.

Inventory:

Hand Weapons
 d - a +0 dagger of speed (weapon)
   (You took it off a kobold on level 1 of the Dungeon)
Talismans
 b - a beast talisman
 c - a flux talisman
Scrolls
 f - a scroll of teleportation {unknown}
 g - 2 scrolls of identify {unknown}
 j - a scroll of silence {unknown}
 l - a scroll of enchant armour {unknown}
Potions
 a - a potion of lignification
 e - a potion of mutation
 i - a potion of berserk rage {unknown}
 k - a potion of brilliance {unknown}
 m - a potion of enlightenment {unknown}

Dungeon Overview and Level Annotations

Branches:
Dungeon (3/15) Zot: 15614

Altars:

Annotations:
D:3 3 runed translucent doors

. .........>#.# ...?
########..#.# ....
...........####
....#######..........
### #......##..........
....#...<#.####........
##....##..####........
#.....)...............
#....Sā™£o###+++###.....
#....oB##.......##....
#.....##...$!....#..##
.......#..........# .#
.##...##....####...# .
.....#...### #..#
......#..# #.. ......


You could see 2 orcs, a giant cockroach and a ball python.


Message History

A rat is nearby!
A rat is nearby!
A rat is nearby!
A rat is nearby!
An orc and an orc wizard come into view.
There are monsters nearby!
An orc comes into view. It is wielding a +0 trident.
The orc shouts!
A goblin comes into view. It is wielding a +0 club.
The rat bites you. šŸ˜• HP[-2]
You take 2 damage, and now have 26/28 hp.
The goblin shouts!
The orc shouts!
You hit the rat. You grab the rat. You constrict the rat.
You kill the rat!
A giant cockroach comes into view.
The orc wizard closely misses you. The orc barely misses you.
You barely miss the orc wizard. You grab the orc wizard.
You squeeze the orc wizard.
You constrict the orc wizard, but do no damage.
The orc closely misses you. The orc wizard casts a spell at you.
The magic dart hits you.
A ball python comes into view. šŸ˜• HP[-3]
You take 3 damage, and now have 23/28 hp.
The ball python hisses angrily.
You hit the orc wizard. Your squeeze misses the orc wizard.
You constrict the orc wizard.
Unknown command.
You hit the orc wizard.
You constrict the orc wizard, but do no damage.
The orc wizard hits you with a +0 dagger.
The orc closely misses you. šŸ˜• HP[-1]
You take 1 damage, and now have 22/28 hp.
You hit the orc wizard. You constrict the orc wizard.
The orc barely misses you.
The orc wizard points at you and mumbles some strange words.
You are confused.
You hit the orc wizard but do no damage.
You tentacle-slap the orc wizard.
You kill the orc wizard!
Your Stealth skill increases to level 4!
Unknown command.
You bump into the rock wall.
The orc closely misses you. The orc misses you.
Unknown command.
Unknown command.
You barely miss the goblin. You squeeze the goblin.
You kill the goblin!
The orc hits you with a +0 hand axe.
The orc hits you from afar with a +0 trident!
* * * LOW HITPOINT WARNING * * *
šŸ˜Ø HP[-13]
You take 13 damage, and now have 9/28 hp.
MASSIVE DAMAGE!! (PAUSE) Unknown command.
Okay, then.
The giant cockroach bites you.
* * * LOW HITPOINT WARNING * * *
The orc closely misses you. The orc hits you with a +0 hand axe.
* * * LOW HITPOINT WARNING * * *
The ball python closely misses you. The ball python grabs you.
The ball python constricts you. The giant cockroach barely misses you.
Things that are here:
a +0 club; a goblin corpse; šŸ˜± HP[-7]
You take 7 damage, and now have 2/28 hp.
MASSIVE DAMAGE!! (PAUSE)
Your transformation has ended.
You turn into a tree.
Your roots penetrate the ground.
The ball python bites you but does no damage.
The ball python constricts you. The orc hits you but does no damage. x2
The giant cockroach bites you but does no damage. šŸ˜± HP[+1]
You now have 42 max hp (+14).
Unknown command.
Unknown command.
It was a potion of mutation.
You feel extremely strange.
You feel stronger.
The ball python bites you but does no damage.
The ball python constricts you.
The giant cockroach bites you but does no damage.
The orc hits you but does no damage. The orc hits you with a +0 hand axe.
* * * LOW HITPOINT WARNING * * *
šŸ˜± HP[-1]
You take 1 damage, and now have 2/42 hp.
Unknown command.
You cannot move. (Use ctrl+direction or * direction to attack while stationary and confused.)
You cannot move. (Use ctrl+direction or * direction to attack while stationary and confused.) Unknown command.
You cannot move. (Use ctrl+direction or * direction to attack while stationary and confused.) Unknown command.
It was a potion of magic.
Magic courses through your body.
You feel less confused.
The ball python bites you but does no damage.
The ball python constricts you.
The giant cockroach bites you but does no damage.
The orc hits you with a +0 hand axe.
You die...

Skill      XL: |  1  2  3  4 |
---------------+-------------+-----
Stealth        | 1 2 3 4 |  4.3
Unarmed Combat | 4 |  4.3
Fighting       | |  1.0
Dodging        | |  2.0
Shapeshifting  | |  3.0

Action                     |  1- 3 |  4- 6 || total
---------------------------+-------+-------++-------
  Melee: Dagger            |    53 |    34 ||    87
         Tentacles         |    12 |     9 ||    21
         Constrict         |    13 |    10 ||    23
         Unarmed           |     1 |       ||     1
         Punch             |     4 |     3 ||     7
    Use: Potion            |       |     3 ||     3
   Stab: Sleeping          |     6 |     3 ||     9
 Armour: Skin              |    19 |    26 ||    45
  Dodge: Dodged            |    21 |    26 ||    47

Levels and vault maps discovered:
D:1:      evilmike_arrival_fibonacci_small, layout_loops_corners,
          minmay_octomino_j4
D:2:      layout_loops_ring, serial_co_window_serial, co_window_paths_b,
          co_window_corner_a, co_window_paths_a, co_window_paths_a,
          co_window_of_opportunity_a, co_window_of_opportunity_a,
          co_window_corner_a, co_window_corner_cb, co_window_of_opportunity_b,
          co_window_2corner, co_window_sun, co_window_4corner_b,
          glass_columns_b, glass_columns_c, uniq_jessica
D:3:      layout_basic, hellmonk_ecumenical_altar_arch_garden,
          gammafunk_ghost_icy

Notes
Turn   | Place    | Note
-------+----------+-------------------------------------------
     0 | D:1      | ytrimaz the Octopode Shapeshifter began the quest for the
                  | Orb.
     0 | D:1      | Reached XP level 1. HP: 13/13 MP: 1/1
     0 | D:1      | magus.rc [v1.9.6]
   130 | D:1      | Reached skill level 1 in Stealth
   215 | D:1      | Reached XP level 2. HP: 18/18 MP: 2/2
   491 | D:1      | Reached skill level 2 in Stealth
   667 | D:1      | Reached XP level 3. HP: 22/23 MP: 3/3
  1055 | D:2      | Noticed Jessica
  1120 | D:2      | Killed Jessica
  1121 | D:2      | Reached skill level 3 in Stealth
  1121 | D:2      | Reached skill level 4 in Unarmed Combat
  1121 | D:2      | Reached XP level 4. HP: 15/28 MP: 4/4
  2390 | D:3      | Found a runed translucent gate.
  2394 | D:3      | Found a runed translucent gate.
  2395 | D:3      | Found a runed translucent gate.
  2410 | D:3      | Reached skill level 4 in Stealth
  2412 | D:3      | HP: 2/28 [orc/+0 hand axe (6)]
  2414 | D:3      | Gained mutation: Your muscles are strong. (Str +4, Int/Dex
                  | -1) [potion of mutation]
  2415 | D:3      | Slain by an orc

Vanquished Creatures
  Jessica (D:2)
  An orc wizard (D:3)
  A worm (D:2)
  A dart slug (D:2)
  4 orcs (D:3)
  2 ball pythons
  4 endoplasms
  2 giant cockroaches (D:1)
  4 goblins
  4 hobgoblins (D:1)
  A jackal (D:1)
  5 kobolds
  2 quokkas (D:2)
  5 bats
  3 frilled lizards
  4 rats
44 creatures vanquished.

Table legend:
 A = Non-vault XP
 B = Vault XP
 C = Vault XP percentage of total XP
 D = Non-vault monster count
 E = Vault monster count
 F = Vault count percentage of total count
                 A         B        C        D         E       F
            +---------+---------+-------+---------+---------+-------
      Total |     110 |      44 |  28.6 |      39 |       5 |  11.4
            +---------+---------+-------+---------+---------+-------
        D:1 |      33 |       7 |  17.5 |      19 |       4 |  17.4
        D:2 |      27 |      37 |  57.8 |      13 |       1 |   7.1
        D:3 |      50 |       0 |   0.0 |       7 |       0 |   0.0
            +---------+---------+-------+---------+---------+-------

Skill      XL: |  1  2  3  4 |
---------------+-------------+-----
Stealth        | 1 2 3 4 |  4.3
Unarmed Combat | 4 |  4.3
Fighting       | |  1.0
Dodging        | |  2.0
Shapeshifting  | |  3.0

Action                     |  1- 3 |  4- 6 || total
---------------------------+-------+-------++-------
  Melee: Dagger            |    53 |    34 ||    87
         Tentacles         |    12 |     9 ||    21
         Constrict         |    13 |    10 ||    23
         Unarmed           |     1 |       ||     1
         Punch             |     4 |     3 ||     7
    Use: Potion            |       |     3 ||     3
   Stab: Sleeping          |     6 |     3 ||     9
 Armour: Skin              |    19 |    26 ||    45
  Dodge: Dodged            |    21 |    26 ||    47

Illustrated notes

Table legend:
 A = Kills in this place as a percentage of kills in the entire game.
 B = Kills by you in this place as a percentage of kills by you in the entire game.
 C = Kills by friends in this place as a percentage of kills by friends in the entire game.
 D = Other kills in this place as a percentage of other kills in the entire game.
 E = Experience gained in this place as a percentage of experience gained in the entire game.
 F = Experience gained in this place divided by the number of levels of this place that you have seen.
                   A       B       C       D       E      F
               +-------+-------+-------+-------+-------+----------------------
         Total | 100.0 | 100.0 |   N/A |   N/A | 100.0 |  51.3
       Dungeon | 100.0 | 100.0 |   N/A |   N/A | 100.0 |  51.3
               +-------+-------+-------+-------+-------+----------------------

Table legend: (Time is in decaauts)
 A = Elapsed time spent in this place.
 B = Non-inter-level travel time spent in this place.
 C = Inter-level travel time spent in this place.
 D = Time resting spent in this place.
 E = Time spent auto-exploring this place.
 F = Levels seen in this place.
 G = Mean time per level.
                   A        B        C        D        E       F      G
               +--------+--------+--------+--------+--------+-----+--------+
         Total |   2384 |   2285 |     99 |      3 |   2015 |   3 |  794.7 |
       Dungeon |   2384 |   2285 |     99 |      3 |   2015 |   3 |  794.7 |
               +--------+--------+--------+--------+--------+-----+--------+

Top non-repeatable levels by time:
     D:2: 1256 daAuts
     D:1: 1035 daAuts
     D:3: 92 daAuts
